 Dungeon Crawl Stone Soup version 0.30-a0-613-gdd512c7efb (webtiles) character file.

Game seed: 3053469347865218733

9971 Monkooky the Spear-Bearer (level 11, -11/103 HPs)
             Began as a Naga Berserker on Jan 8, 2023.
             Was an Elder of Trog.
             Killed from afar by an ogre mage (16 damage)
             ... with a bolt of magma
             ... on level 10 of the Dungeon.
             The game lasted 00:28:18 (9972 turns).

Monkooky the Spear-Bearer (Naga Berserker)          Turns: 9972, Time: 00:28:18

Health: -11/103    AC: 14    Str: 29    XL:     11   Next: 54%
Magic:  11/11      EV:  7    Int:  8    God:    Trog [****..]
Gold:   668        SH:  0    Dex: 11    Spells: 10/10 levels left

rFire   . . .      SeeInvis +    c - +0 halberd
rCold   . . .      Faith    .    (shield currently unavailable)
rNeg    . . .      Spirit   .    t - quicksilver dragon scales
rPois   +          Reflect  .    (no helmet)
rElec   .          Harm     .    L - +0 cloak
rCorr   .          Rampage  .    (no gloves)
Will    ++...                    N - +0 barding
Stlth   +                        (no amulet)
HPRegen 0.37/turn                C - +6 ring of strength
MPRegen 0.12/turn                (no ring)

@: short of breath, on berserk cooldown, slowed, very slow
A: AC +3, large, see invisible, deformed body, poison resistance, slowness 2,
spit poison 1, naga tail 1
a: Spit Poison, Renounce Religion, Berserk, Trog's Hand, Brothers in Arms


You were on level 10 of the Dungeon.
You worshipped Trog.
Trog was greatly pleased with you.
You visited 1 branch of the dungeon, and saw 10 of its levels.
You also visited: Bailey.

You collected 668 gold pieces.

Inventory:

Hand Weapons
 a - a +0 spear
 c - a +0 halberd (weapon)
 g - a +3 whip
 p - a +0 trident
Missiles
 h - 12 boomerangs
 y - 13 poisoned darts
Armour
 b - a +0 animal skin
 f - a +2 tower shield of protection
 k - a +0 ring mail
 m - a +0 scale mail
 t - quicksilver dragon scales (worn)
 u - a +0 cloak
 H - the +5 plate armour of the Ecumenical Temple {rElec rPois rN+ Slay-3}
   (You took it off an orc warrior in a bailey)

   Slay:      It affects your accuracy & damage with ranged weapons and melee
   (-3).
   rElec:     It insulates you from electricity.
   rPois:     It protects you from poison.
   rN:        It protects you from negative energy.
 L - a +0 cloak (worn)
 N - a +0 barding (worn)
Jewellery
 C - a +6 ring of strength (left hand)
 Q - a ring of magical power
Wands
 B - a wand of flame (26)
 E - a wand of mindburst (8)
 I - a wand of roots (6)
 K - a wand of digging (5)
Scrolls
 d - 5 scrolls of vulnerability
 j - a scroll of blinking
 l - a scroll of amnesia
 o - 2 scrolls of enchant weapon
 q - 3 scrolls of acquirement {unknown}
 r - 4 scrolls of noise {unknown}
 A - 3 scrolls of teleportation
 D - a scroll of fog
 G - 3 scrolls of torment {unknown}
 M - a scroll of fear {unknown}
 O - a scroll of identify
 P - a scroll of enchant armour {unknown}
Potions
 e - a potion of brilliance
 i - 2 potions of might {unknown}
 n - a potion of attraction {unknown}
 s - 8 potions of curing {unknown}
 v - a potion of flight {unknown}
 w - a potion of haste
 x - 2 potions of heal wounds {unknown}
 z - a potion of cancellation {unknown}
 J - a potion of lignification {unknown}
Miscellaneous
 F - a piece from Xom's chessboard (15/15)


   Skills:
 - Level 8.1 Fighting
 + Level 14.5 Polearms
 - Level 1.8 Armour
 - Level 1.7 Dodging
 - Level 0.1 Stealth
 - Level 7.1 Evocations


You had 10 spell levels left.
You didn't know any spells.
Your spell library was empty.

Dungeon Overview and Level Annotations

Branches:
Dungeon (10/15)            Temple (0/1) D:4            Lair (0/5) D:9
 Bailey (visited)
    Orc: D:9-12

Altars:
Dithmenos
Elyvilon
Fedhas
Gozag
Hepliaklqana
Kikubaaqudgha
Makhleb
Okawaru
Ru
Sif Muna
Trog
Uskayaw
Vehumet
Xom
Yredelemnul

Annotations:
D:5 exclusion: statue


Innate Abilities, Weirdness & Mutations

Your serpentine skin is tough. (AC +3)
You have supernaturally acute eyesight. (SInv)
Armour fits poorly on your strangely shaped body.
Your system is resistant to poisons. (rPois)
You cover ground very slowly.
You can spit poison.
You have a snake-like lower body.


Message History

Your black bear misses the kobold brigand.
Your black bear claws the kobold brigand.
Aiming: Spit Poison (1% risk of failure)
Press: ? - help, Q - select action, (/) - cycle Shift-Dir - straight line, f - kobold brigand
Aim: a kobold brigand, wielding a +0 short sword and quivering poisoned darts (moderately wounded, ally target, 55% to hit)
The splash of poison misses the kobold brigand.
Your black bear barely misses the kobold brigand.
Your black bear claws the kobold brigand.
Your black bear claws the kobold brigand but does no damage.
Your black bear bites the kobold brigand!
Your black bear claws the kobold brigand.
Your black bear closely misses the kobold brigand.
The kobold brigand closely misses your black bear.
Your black bear bites the kobold brigand.
Your black bear misses the kobold brigand.
Your black bear barely misses the kobold brigand.
The centaur shoots an arrow.
The arrow hits the ogre mage.
Your black bear bites the kobold brigand but does no damage.
Your black bear closely misses the kobold brigand.
Your black bear barely misses the kobold brigand.
The kobold brigand hits your black bear with a +0 short sword.
The centaur shoots an arrow.
The arrow closely misses the ogre mage.
The arrow closely misses your black bear.
The arrow hits you!
* * * LOW HITPOINT WARNING * * *
Your black bear barely misses the kobold brigand.
Your black bear claws the kobold brigand.
The kobold brigand dies!
Trog accepts your kill.
The deep elf pyromancer casts a spell at you.
The bolt of fire hits your black bear!!!
Your black bear dies!
Your black bear's corpse disappears in a puff of smoke!
You fail to use your ability.
The centaur shoots an arrow.
The arrow hits you!
* * * LOW HITPOINT WARNING * * *
The centaur shoots an arrow.
The arrow hits you!
* * * LOW HITPOINT WARNING * * *
The ogre mage gestures at you while chanting.
The bolt of magma hits you!
You die...

#...........###.##
#..........## #.#
#.........)# #.# #
#.........#####.# #.
#.....>...##....# #
#.###........[..####
#.(..........####
#..........#
#....@.....#
##.........#
#..........# ##
#.#.......## ..
##.#..O§..## .
#.......### #
.....#..##
....###.ce# #...
#.#.##


You could see an ogre mage (invisible), a deep elf pyromancer and a centaur.

Vanquished Creatures
  2 two-headed ogres
  An elephant (D:9)
  Maurice (D:8)
  Psyche (D:8)
  Maggie (D:10)
  A troll (D:9)
  A vampire (D:10)
  21 yaks
  A wyvern (D:9)
  2 steam dragons
  An acid dragon (D:9)
  2 water moccasins
  4 sky beasts
  4 black bears
  5 orc warriors
  An ice beast (D:6)
  An ogre (D:5)
  2 centaurs (D:8)
  2 kobold brigands
  A phantom (D:5)
  3 bullfrogs
  A scorpion (D:6)
  3 necrophages
  A gnoll sergeant (D:9)
  7 wights
  2 howler monkeys
  2 hounds
  2 orc priests
  A jelly (D:5)
  6 iguanas
  Jessica (D:2)
  7 orc wizards
  Terence (D:2)
  A hound skeleton (D:4)
  5 gnolls (D:9)
  2 adders (D:5)
  2 shadow imps
  A white imp (D:7)
  A worm (D:4)
  2 dart slugs
  47 orcs
  2 bat zombies (D:6)
  5 endoplasms
  4 giant cockroaches
  7 goblins
  3 hobgoblins
  2 quokkas (D:4)
  5 ball pythons
  5 bats
  2 frilled lizards
  16 kobolds
  3 rats
  2 rat zombies (D:6)
  A spectral orc (D:3)
210 creatures vanquished.

Vanquished Creatures (collateral kills)
  A kobold brigand (D:10)
1 creature vanquished.

Vanquished Creatures (others)
  3 fungi (D:9)
3 creatures vanquished.

Grand Total: 214 creatures vanquished

Notes
Turn   | Place    | Note
-------+----------+-------------------------------------------
     0 | D:1      | Monkooky the Naga Berserker began the quest for the Orb.
     0 | D:1      | Reached XP level 1. HP: 21/21 MP: 1/1
   213 | D:1      | Reached XP level 2. HP: 28/28 MP: 2/2
   329 | D:1      | Found a faded altar of an unknown god.
   881 | D:2      | Noticed Jessica
   886 | D:2      | Killed Jessica
   887 | D:2      | Reached XP level 3. HP: 29/36 MP: 3/3
  1173 | D:2      | Noticed Terence
  1186 | D:2      | Killed Terence
  1187 | D:2      | Reached XP level 4. HP: 30/45 MP: 4/4
  1974 | D:3      | Noticed a shadow
  1975 | D:3      | Found a shadowy altar of Dithmenos.
  1976 | D:3      | Found a hazy altar of Hepliaklqana.
  2064 | D:3      | Found a basalt altar of Yredelemnul.
  2161 | D:4      | Reached skill level 5 in Fighting
  2161 | D:4      | Reached XP level 5. HP: 34/52 MP: 5/5
  2226 | D:4      | Noticed a +0 short sword
  2227 | D:4      | Noticed a +0 spear
  2227 | D:4      | Noticed a +0 falchion
  2227 | D:4      | Noticed a +0 dagger
  2227 | D:4      | Noticed a +0 spear
  2228 | D:4      | Noticed a +0 falchion
  2229 | D:4      | Noticed a +0 short sword
  2233 | D:4      | Noticed a +0 dagger
  2406 | D:4      | Found a staircase to the Ecumenical Temple.
  2748 | D:4      | Found a burning altar of Makhleb.
  2760 | D:4      | Reached ** piety under Trog
  2766 | D:4      | Reached XP level 6. HP: 53/63 MP: 6/6
  2877 | D:4      | Found a hide-covered altar of Uskayaw.
  3040 | D:5      | Entered Level 5 of the Dungeon
  3078 | D:5      | Noticed a sky beast
  3087 | D:5      | Killed a sky beast
  3088 | D:5      | Reached skill level 4 in Polearms
  3217 | D:5      | Reached skill level 5 in Polearms
  3217 | D:5      | Reached XP level 7. HP: 60/70 MP: 7/7
  3271 | D:5      | Found a white marble altar of Elyvilon.
  3656 | D:5      | Reached skill level 6 in Polearms
  3769 | D:5      | Found a radiant altar of Vehumet.
  4050 | D:5      | Found a sacrificial altar of Ru.
  4465 | D:6      | Found an iron altar of Okawaru.
  4546 | D:6      | Reached skill level 7 in Polearms
  4546 | D:6      | Reached XP level 8. HP: 65/78 MP: 8/8
  5251 | D:6      | Found an opulent altar of Gozag.
  5251 | D:6      | Found a shimmering blue altar of Sif Muna.
  5615 | D:6      | Found an ancient bone altar of Kikubaaqudgha.
  5759 | D:7      | Reached skill level 8 in Polearms
  5806 | D:7      | Reached XP level 9. HP: 71/88 MP: 9/9
  5811 | D:7      | Reached skill level 9 in Polearms
  6450 | D:8      | You fall into a shaft and drop 2 floors!
  6450 | D:10     | Entered Level 10 of the Dungeon
  6501 | D:10     | Reached skill level 1 in Evocations
  6593 | D:9      | Reached *** piety under Trog
  6718 | D:9      | Noticed an elephant
  6720 | D:9      | Reached skill level 5 in Evocations
  6736 | D:9      | Reached XP level 10. HP: 44/96 MP: 10/10
  6749 | D:9      | Reached skill level 10 in Polearms
  6887 | D:9      | Noticed a two-headed ogre
  6896 | D:9      | Killed a two-headed ogre
  6897 | D:9      | Reached skill level 11 in Polearms
  6916 | D:9      | Found a flagged portal.
  6951 | Bailey   | Entered a bailey
  7212 | Bailey   | Identified the +5 plate armour of the Ecumenical Temple
                  | {rElec rPois rN+ Slay-3}
  7405 | Bailey   | Reached skill level 12 in Polearms
  7761 | D:9      | Found a staircase to the Lair.
  7845 | D:8      | Reached **** piety under Trog
  7936 | D:8      | Noticed Psyche
  7936 | D:8      | Noticed Maurice
  7938 | D:8      | Killed Psyche
  7941 | D:8      | Killed Maurice
  7957 | D:8      | Reached XP level 11. HP: 36/103 MP: 11/11
  8252 | D:8      | Found a shimmering altar of Xom.
  8362 | D:8      | Found a blossoming altar of Fedhas.
  8362 | D:8      | Found a bloodstained altar of Trog.
  8367 | D:8      | Noticed a two-headed ogre
  8377 | D:8      | Killed a two-headed ogre
  8378 | D:8      | Reached skill level 13 in Polearms
  9662 | D:10     | Reached skill level 14 in Polearms
  9846 | D:10     | Noticed Maggie
  9855 | D:10     | Killed Maggie
  9943 | D:10     | Noticed a deep elf pyromancer
  9951 | D:10     | Noticed an ogre mage
  9972 | D:10     | HP: 5/103 [centaur/arrow (9)]
  9972 | D:10     | Killed from afar by an ogre mage

Illustrated notes

Levels and vault maps discovered:
D:1:      dpeg_arrival_pond, layout_basic, dreamdust_ecumenical_altar_grove
D:2:      layout_loops_ring, hangedman_decor_clover_reticule,
          corexii_corridor_pit, minmay_misc_feat_nine_boxes, uniq_jessica,
          uniq_terence
D:3:      layout_rooms, riverfiend_overflow_shadow_ancestor,
          yredelemnul_forgotten_temple_becter
D:4:      layout_loops_ring, nicolae_uskayaw_en_pointe,
          makhleb_blood_cavern_becter, temple_fountains
D:5:      layout_basic, vehumet_statue, amcnicky_altar_gilded,
          mainiacjoe_overflow_alcove_1
D:6:      layout_rooms, okawaru_trees_1, lemuel_zombie_altar_kikubaaqudgha,
          jmf_multi_god_temple, minivault_19, grunt_ministairs_14
D:7:      layout_rooms
D:8:      layout_basic, general_overflow_altar, nicolae_overflow_two_pavilions,
          hangedman_decor_riveting, uniq_maurice, uniq_psyche
D:9:      layout_basic, david_lair_generic, enter_bailey_4,
          kennysheep_generic_room_15
D:10:     layout_rooms, minmay_bent, uniq_sonja, uniq_maggie

Skill      XL: |  1  2  3  4  5  6  7  8  9 10 11 |
---------------+----------------------------------+-----
Fighting       | 4 5 6 8 |  8.1
Polearms       | 5 7 8 9 12 14 | 14.5
Evocations     | 6 7 |  7.1
Armour         | |  1.8
Dodging        | |  1.7
Stealth        | |  0.1

Action                   |  1- 3 |  4- 6 |  7- 9 | 10-12 || total
-------------------------+-------+-------+-------+-------++-------
Melee: Spear             |    10 |       |       |       ||    10
       Whip              |    26 |   101 |       |       ||   127
       Punch             |       |     2 |     5 |     1 ||     8
       Trident           |       |       |   301 |    76 ||   377
       Halberd           |       |       |       |   164 ||   164
Throw: Boomerang         |       |       |     2 |       ||     2
Invok: Berserk           |     1 |     1 |     6 |     6 ||    14
       Trog's Hand       |       |       |     1 |       ||     1
       Brothers in Arms  |       |       |       |     1 ||     1
 Abil: Spit Poison       |    18 |    22 |    50 |    46 ||   136
Evoke: Wand              |       |       |       |     6 ||     6
  Use: Scroll            |       |       |    10 |     5 ||    15
 Stab: Sleeping          |     1 |       |       |       ||     1
Armor: Animal skin       |     5 |       |       |       ||     5
       Scale mail        |       |     7 |       |       ||     7
       Quicksilver drago |       |    26 |    71 |    79 ||   176
Dodge: Dodged            |    16 |    56 |    88 |    69 ||   229

Table legend: (Time is in decaauts)
 A = Elapsed time spent in this place.
 B = Non-inter-level travel time spent in this place.
 C = Inter-level travel time spent in this place.
 D = Time resting spent in this place.
 E = Time spent auto-exploring this place.
 F = Levels seen in this place.
 G = Mean time per level.
                   A        B        C        D        E       F      G
               +--------+--------+--------+--------+--------+-----+--------+
         Total |  12271 |  11681 |    590 |   1916 |   7847 |  11 | 1115.5 |
       Dungeon |  11359 |  10769 |    590 |   1541 |   7589 |  10 | 1135.9 |
        Bailey |    911 |    911 |      0 |    375 |    258 |   1 |  911.0 |
               +--------+--------+--------+--------+--------+-----+--------+

Top non-repeatable levels by time:
     D:6: 1808 daAuts
     D:5: 1630 daAuts
     D:9: 1413 daAuts
     D:8: 1402 daAuts
     D:1: 1208 daAuts
     D:4: 1179 daAuts
     D:2: 1058 daAuts
  Bailey: 911 daAuts
     D:7: 669 daAuts
     D:3: 601 daAuts
    D:10: 387 daAuts
